[ AOE2 MATCH · #506181803 ]
UnrankedIncas vs Goths
Player's team · LOSS
Rival team · WIN
[ REPLAY ANALYSIS · EXTRACTED FROM THE RECORDED GAME ]
Feudal
13:53
Castle
22:04
Imperial
—
| APM avg | 48.2 |
| APM peak | 91 |
| eAPM avg | 23.5 |
| Villagers / military | 70 / 0 |
Focus
⚔️ 29.9% · 🌾 70.1%
Unknown (2550) ×16
Feudal
9:12
Castle
23:12
Imperial
—
| APM avg | 51.5 |
| APM peak | 91 |
| eAPM avg | 22.9 |
| Villagers / military | 46 / 16 |
Focus
⚔️ 45.9% · 🌾 54.1%
Scout Cavalry ×9 · Militia ×7
Match map
Initial resources + every placement click. Lines = walls · curves = elevation contours. ◆ gold · ⬟ stone · ● berries · ✦ relic · ◌ wall gap
Your base· Open — opponent sealed themselves in
Parabox's base· ✓ Closed at 23:12 · 63t walls · 1 gate(s)
Smoothed initial terrain · ◌ = detected wall gap · hover for details
Inputs per minute
— eduv - - Parabox
Build order — eduv
First 150 of 155 actions detected
| 0:01 | Create | Villager (Male) |
| 0:02 | Create | Villager (Male) |
| 0:02 | Build | House |
| 0:04 | Build | House |
| 0:09 | Create | Villager (Male) |
| 0:09 | Create | Villager (Male) |
| 0:09 | Create | Villager (Male) |
| 1:33 | Create | Villager (Male) |
| 1:33 | Create | Villager (Male) |
| 1:59 | Create | Villager (Male) |
| 1:59 | Create | Villager (Male) |
| 2:13 | Create | Villager (Male) |
| 2:49 | Create | Villager (Male) |
| 2:49 | Create | Villager (Male) |
| 3:05 | Create | Villager (Male) |
| 3:05 | Create | Villager (Male) |
| 3:36 | Create | Villager (Male) |
| 3:41 | Build | Barracks |
| 4:07 | Create | Villager (Male) |
| 4:07 | Create | Villager (Male) |
| 4:33 | Create | Villager (Male) |
| 4:33 | Create | Villager (Male) |
| 4:34 | Create | Villager (Male) |
| 4:34 | Create | Villager (Male) |
| 4:51 | Create | Unit 2550 |
| 4:51 | Create | Unit 2550 |
| 4:51 | Create | Unit 2550 |
| 4:51 | Create | Unit 2550 |
| 4:54 | Create | Villager (Male) |
| 4:54 | Create | Villager (Male) |
| 5:15 | Create | Villager (Male) |
| 5:15 | Create | Villager (Male) |
| 5:15 | Create | Villager (Male) |
| 6:01 | Build | House |
| 6:16 | Create | Villager (Male) |
| 6:16 | Create | Villager (Male) |
| 6:16 | Create | Villager (Male) |
| 6:27 | Build | Settlement |
| 6:58 | Create | Villager (Male) |
| 6:59 | Create | Unit 2550 |
| 6:59 | Create | Unit 2550 |
| 7:25 | Create | Villager (Male) |
| 7:26 | Create | Villager (Male) |
| 8:23 | Create | Villager (Male) |
| 8:23 | Create | Villager (Male) |
| 8:54 | Create | Villager (Male) |
| 8:54 | Create | Villager (Male) |
| 8:54 | Create | Villager (Male) |
| 8:54 | Create | Villager (Male) |
| 8:55 | Create | Villager (Male) |
| 8:55 | Create | Villager (Male) |
| 8:55 | Create | Villager (Male) |
| 8:56 | Create | Villager (Male) |
| 8:56 | Create | Villager (Male) |
| 9:04 | Build | Palisade Wall |
| 9:19 | Create | Villager (Male) |
| 9:19 | Create | Villager (Male) |
| 9:19 | Create | Villager (Male) |
| 9:31 | Build | Palisade Wall |
| 9:44 | Build | Palisade Wall |
| 9:46 | Build | Palisade Wall |
| 9:48 | Create | Villager (Male) |
| 9:48 | Create | Villager (Male) |
| 10:06 | Build | Settlement |
| 10:17 | Create | Villager (Male) |
| 10:17 | Create | Villager (Male) |
| 10:24 | Build | House |
| 10:35 | Create | Villager (Male) |
| 10:35 | Create | Villager (Male) |
| 10:53 | Build | Farm |
| 10:53 | Build | Farm |
| 10:53 | Build | Farm |
| 10:53 | Build | Farm |
| 11:12 | Build | House |
| 11:16 | Build | Palisade Wall |
| 11:24 | Research | Feudal Age |
| 11:35 | Build | Farm |
| 12:12 | Build | Palisade Gate |
| 12:17 | Build | Palisade Wall |
| 12:24 | Build | Palisade Wall |
| 12:26 | Build | Palisade Wall |
| 12:48 | Create | Villager (Male) |
| 12:50 | Build | Farm |
| 12:52 | Build | Farm |
| 13:17 | Create | Unit 2550 |
| 13:17 | Create | Unit 2550 |
| 13:41 | Create | Villager (Male) |
| 13:53 | Age | Feudal Age |
| 13:56 | Build | Settlement |
| 14:05 | Create | Unit 2550 |
| 14:08 | Research | Double-Bit Axe |
| 14:08 | Research | Double-Bit Axe |
| 14:30 | Create | Villager (Male) |
| 14:32 | Build | Farm |
| 14:50 | Create | Unit 2550 |
| 14:52 | Create | Villager (Male) |
| 14:58 | Build | Farm |
| 15:00 | Build | Farm |
| 15:02 | Research | Horse Collar |
| 15:12 | Create | Unit 2550 |
| 15:38 | Research | Tech 1402 |
| 15:39 | Create | Villager (Male) |
| 15:39 | Create | Villager (Male) |
| 15:39 | Create | Villager (Male) |
| 15:40 | Create | Villager (Male) |
| 15:45 | Build | Market |
| 15:46 | Build | Blacksmith |
| 16:29 | Create | Unit 2550 |
| 16:30 | Create | Unit 2550 |
| 16:31 | Create | Villager (Male) |
| 16:35 | Build | Farm |
| 16:35 | Build | Farm |
| 16:37 | Build | Farm |
| 16:38 | Build | Farm |
| 16:39 | Build | Farm |
| 16:41 | Create | Villager (Male) |
| 16:49 | Build | Settlement |
| 17:22 | Build | Farm |
| 17:24 | Create | Villager (Male) |
| 17:32 | Build | Blacksmith |
| 17:46 | Create | Unit 2550 |
| 18:04 | Build | Farm |
| 18:08 | Build | Farm |
| 18:08 | Build | Farm |
| 18:25 | Build | Farm |
| 18:32 | Create | Villager (Male) |
| 18:36 | Create | Unit 2550 |
| 18:45 | Build | Farm |
| 18:59 | Research | Loom |
| 19:24 | Research | Castle Age |
| 19:24 | Research | Castle Age |
| 20:15 | Research | Scale Mail Armor |
| 20:15 | Research | Scale Mail Armor |
| 21:00 | Build | Palisade Wall |
| 21:27 | Research | Gold Mining |
| 21:28 | Research | Gold Mining |
| 21:55 | Build | House |
| 21:57 | Build | Palisade Wall |
| 22:04 | Age | Castle Age |
| 22:09 | Build | Monastery |
| 22:19 | Create | Villager (Male) |
| 22:19 | Create | Villager (Male) |
| 22:28 | Research | Tech 1351 |
| 22:28 | Research | Tech 1351 |
| 22:42 | Build | Palisade Wall |
| 22:44 | Build | Palisade Wall |
| 22:48 | Build | Palisade Wall |
| 22:50 | Build | Palisade Wall |
| 22:59 | Create | Unit 2550 |
| 22:59 | Create | Villager (Male) |
Build order — Parabox
142 actions detected in the replay
| 0:00 | Create | Villager (Male) |
| 0:00 | Create | Villager (Male) |
| 0:01 | Build | House |
| 0:03 | Build | House |
| 0:14 | Create | Villager (Male) |
| 0:23 | Create | Villager (Male) |
| 0:57 | Research | Loom |
| 0:58 | Create | Villager (Male) |
| 1:33 | Create | Villager (Male) |
| 2:04 | Create | Villager (Male) |
| 2:05 | Create | Villager (Male) |
| 2:13 | Create | Villager (Male) |
| 2:21 | Build | Lumber Camp |
| 2:45 | Create | Villager (Male) |
| 3:23 | Create | Villager (Male) |
| 3:24 | Create | Villager (Male) |
| 3:42 | Create | Villager (Male) |
| 4:01 | Build | House |
| 4:22 | Create | Villager (Male) |
| 4:43 | Build | Mill |
| 4:56 | Create | Villager (Male) |
| 5:19 | Create | Villager (Male) |
| 5:36 | Create | Villager (Male) |
| 5:36 | Create | Villager (Male) |
| 7:02 | Research | Feudal Age |
| 7:42 | Create | Villager (Male) |
| 7:50 | Build | House |
| 7:53 | Build | Palisade Wall |
| 8:17 | Create | Villager (Male) |
| 8:25 | Build | Barracks |
| 8:39 | Build | House |
| 9:12 | Age | Feudal Age |
| 9:16 | Build | Palisade Wall |
| 9:17 | Build | Palisade Wall |
| 9:17 | Build | Palisade Wall |
| 9:18 | Build | Palisade Wall |
| 9:31 | Build | Stable |
| 9:35 | Create | Villager (Male) |
| 9:38 | Build | Palisade Wall |
| 9:39 | Build | Palisade Wall |
| 9:40 | Build | Palisade Wall |
| 9:50 | Create | Villager (Male) |
| 10:02 | Build | Palisade Wall |
| 10:03 | Build | Palisade Wall |
| 10:04 | Build | Palisade Wall |
| 10:05 | Build | Palisade Wall |
| 10:08 | Build | Palisade Wall |
| 10:13 | Create | Scout Cavalry |
| 10:14 | Create | Scout Cavalry |
| 10:29 | Build | Palisade Wall |
| 10:53 | Build | Farm |
| 10:54 | Build | Farm |
| 10:56 | Build | Farm |
| 10:57 | Create | Villager (Male) |
| 11:26 | Build | Farm |
| 11:30 | Build | Farm |
| 11:42 | Build | Farm |
| 12:04 | Build | Farm |
| 12:05 | Build | Farm |
| 12:08 | Create | Villager (Male) |
| 12:33 | Create | Villager (Male) |
| 12:34 | Build | Farm |
| 12:35 | Create | Villager (Male) |
| 12:52 | Build | Farm |
| 13:02 | Research | Double-Bit Axe |
| 13:13 | Create | Villager (Male) |
| 13:26 | Create | Villager (Male) |
| 13:30 | Build | House |
| 13:33 | Build | Palisade Wall |
| 13:37 | Build | Farm |
| 13:43 | Create | Villager (Male) |
| 13:46 | Build | Farm |
| 14:19 | Research | Horse Collar |
| 14:20 | Create | Scout Cavalry |
| 14:21 | Create | Scout Cavalry |
| 14:38 | Build | Palisade Wall |
| 14:39 | Create | Villager (Male) |
| 14:47 | Build | Palisade Wall |
| 14:51 | Build | Palisade Wall |
| 14:52 | Create | Villager (Male) |
| 14:56 | Build | Palisade Wall |
| 15:01 | Create | Villager (Male) |
| 15:07 | Build | House |
| 15:13 | Build | Palisade Wall |
| 15:14 | Build | Palisade Wall |
| 15:16 | Build | Palisade Wall |
| 15:17 | Build | Palisade Wall |
| 15:21 | Build | Palisade Wall |
| 15:29 | Create | Villager (Male) |
| 15:31 | Create | Scout Cavalry |
| 15:37 | Build | House |
| 15:45 | Build | Farm |
| 16:05 | Create | Scout Cavalry |
| 16:16 | Create | Villager (Male) |
| 16:19 | Build | Mining Camp |
| 16:22 | Create | Scout Cavalry |
| 16:34 | Create | Scout Cavalry |
| 16:43 | Build | Palisade Gate |
| 16:47 | Create | Villager (Male) |
| 16:48 | Create | Villager (Male) |
| 16:53 | Research | Wheelbarrow |
| 17:07 | Build | Palisade Wall |
| 17:11 | Create | Villager (Male) |
| 17:47 | Build | House |
| 17:49 | Build | Palisade Wall |
| 18:05 | Build | Blacksmith |
| 18:22 | Build | Lumber Camp |
| 18:45 | Create | Villager (Male) |
| 18:56 | Create | Villager (Male) |
| 19:07 | Create | Villager (Male) |
| 19:46 | Create | Villager (Male) |
| 19:50 | Research | Castle Age |
| 19:50 | Research | Castle Age |
| 20:07 | Create | Villager (Male) |
| 20:36 | Build | Barracks |
| 20:38 | Research | Scale Mail Armor |
| 20:51 | Research | Forging |
| 21:04 | Build | Farm |
| 21:22 | Build | Barracks |
| 21:24 | Build | Farm |
| 21:44 | Create | Militia |
| 21:45 | Create | Militia |
| 21:52 | Research | Man-at-Arms (upgrade) |
| 22:23 | Create | Militia |
| 22:23 | Create | Militia |
| 22:26 | Create | Militia |
| 22:33 | Create | Scout Cavalry |
| 22:57 | Create | Militia |
| 22:57 | Create | Militia |
| 23:12 | Age | Castle Age |
| 23:16 | Research | Long Swordsman (upgrade) |
| 23:17 | Research | Squires |
| 23:24 | Build | Town Center |
| 23:43 | Create | Villager (Male) |
| 23:43 | Create | Villager (Male) |
| 23:44 | Create | Villager (Male) |
| 23:47 | Build | House |
| 23:54 | Create | Villager (Male) |
| 23:59 | Build | Farm |
| 23:59 | Build | Farm |
| 24:00 | Build | Farm |
| 24:00 | Build | Farm |
Match timeline
| 3:41 | eduv · first_building Barracks |
| 7:53 | Parabox · wall_segment Palisade Wall x6 |
| 8:25 | Parabox · first_building Barracks |
| 9:04 | eduv · wall_segment Palisade Wall x9 |
| 9:12 | Parabox · age_up feudal |
| 9:16 | Parabox · wall_segment Palisade Wall x1 |
| 9:17 | Parabox · wall_segment Palisade Wall x1 |
| 9:17 | Parabox · wall_segment Palisade Wall x1 |
| 9:18 | Parabox · wall_segment Palisade Wall x1 |
| 9:31 | eduv · wall_segment Palisade Wall x13 |
| 9:31 | Parabox · first_building Stable |
| 9:38 | Parabox · wall_segment Palisade Wall x1 |
| 9:39 | Parabox · wall_segment Palisade Wall x1 |
| 9:40 | Parabox · wall_segment Palisade Wall x1 |
| 9:44 | eduv · wall_segment Palisade Wall x7 |
| 9:46 | eduv · wall_segment Palisade Wall x11 |
| 10:02 | Parabox · wall_segment Palisade Wall x1 |
| 10:03 | Parabox · wall_segment Palisade Wall x1 |
| 10:04 | Parabox · wall_segment Palisade Wall x1 |
| 10:05 | Parabox · wall_segment Palisade Wall x1 |
| 10:08 | Parabox · wall_segment Palisade Wall x1 |
| 10:29 | Parabox · wall_segment Palisade Wall x1 |
| 11:16 | eduv · wall_segment Palisade Wall x1 |
| 12:17 | eduv · wall_segment Palisade Wall x5 |
| 12:24 | eduv · wall_segment Palisade Wall x1 |
| 12:26 | eduv · wall_segment Palisade Wall x1 |
| 13:33 | Parabox · wall_segment Palisade Wall x1 |
| 13:53 | eduv · age_up feudal |
| 14:38 | Parabox · wall_segment Palisade Wall x6 |
| 14:47 | Parabox · wall_segment Palisade Wall x6 |
| 14:51 | Parabox · wall_segment Palisade Wall x9 |
| 14:56 | Parabox · wall_segment Palisade Wall x12 |
| 15:13 | Parabox · wall_segment Palisade Wall x1 |
| 15:14 | Parabox · wall_segment Palisade Wall x2 |
| 15:16 | Parabox · wall_segment Palisade Wall x1 |
| 15:17 | Parabox · wall_segment Palisade Wall x1 |
| 15:21 | Parabox · wall_segment Palisade Wall x1 |
| 17:07 | Parabox · wall_segment Palisade Wall x6 |
| 17:49 | Parabox · wall_segment Palisade Wall x1 |
| 18:52 | eduv · first_market_buy 100 food |
| 21:00 | eduv · wall_segment Palisade Wall x1 |
| 21:57 | eduv · wall_segment Palisade Wall x5 |
| 22:04 | eduv · age_up castle |
| 22:09 | eduv · first_building Monastery |
| 22:42 | eduv · wall_segment Palisade Wall x1 |
| 22:44 | eduv · wall_segment Palisade Wall x1 |
| 22:48 | eduv · wall_segment Palisade Wall x1 |
| 22:50 | eduv · wall_segment Palisade Wall x1 |
| 23:12 | Parabox · age_up castle |
| 24:00 | eduv · resign |
[ AI ANALYSIS · 1 CREDIT ]
What really happened in this match?
Wolo.gg analyzes every decision: build order, eco, micro, common mistakes by bracket. Personalized analysis on WhatsApp or Discord in 30 seconds.
Civ guide
Incas
Perfil
Jugador #631884